AoeStats
← mhilla73

Arena

510214088Analyzed
4v4 RM · 4d ago on Sep 30, 2026· 36m 3s· 8 players
Game mode
Random Map
Map size
Large (8 player)
Population
200
Speed
Normal
Resources
Standard
Victory
Conquest
Starting age
Dark Age
Ending age
Imperial Age
RankedLock teamsTeams togetherTeam positionsShared explorationLock speedFull tech treeHidden civsTurbo modeCheats
Victory
Defeat
🇵🇪 Franks · Peru
1295
+14
🇵🇪 Cumans · Peru
1262
+16
🇵🇪 Italians · Peru
1261
+16
🇺🇸 Vikings · United States
1249
+16
🇺🇸 Varangians · United States
1293
-16
🇨🇦 Persians · Canada
1265
-16
🇨🇳 Lithuanians · China
1259
-16
🇺🇸 Khmer · United States
1211
-14
Divine
10:58 Feudal Age
12:15 Wheelbarrow
11:58 Loom
14:37 Castle Age
12:51 Double-Bit Axe
13:15 Horse Collar
19:44 Wheelbarrow
21:02 Bow Saw
20:58 Heavy Plow
23:07 Hand Cart
25:06 Scale Barding Armor
25:48 Bloodlines
25:39 Husbandry
26:10 Forging
27:17 Chain Barding Armor
30:19 Iron Casting
29:42 Light Cavalry
31:41 Vendel Legacy
33:14 Fletching
KING
9:17 Feudal Age
13:33 Castle Age
11:44 Double-Bit Axe
11:40 Horse Collar
13:24 Forging
14:38 Scale Barding Armor
20:34 Chain Barding Armor
21:49 Bow Saw
22:51 Wheelbarrow
22:44 Heavy Plow
23:33 Loom
23:33 Town Watch
30:38 Hand Cart
30:42 Stone Mining
30:44 Gold Mining
35:13 Imperial Age
33:29 Gold Shaft Mining
33:22 Bloodlines
33:15 Husbandry
34:50 Cavalier
36:09 Plate Barding Armor
蜡笔小新
9:56 Feudal Age
14:06 Castle Age
16:46 Loom
18:11 Double-Bit Axe
18:19 Horse Collar
19:50 Stone Mining
24:39 Bow Saw
26:07 Heavy Plow
28:01 Wheelbarrow
28:26 Gold Mining
30:31 Hand Cart
31:06 Fervor
33:41 Imperial Age
32:54 Forging
32:50 Scale Barding Armor
33:30 Town Watch
34:33 Iron Casting
34:51 Chain Barding Armor
34:54 Conscription
mhilla73
10:29 Feudal Age
14:44 Castle Age
17:28 Double-Bit Axe
19:55 Horse Collar
20:43 Heavy Plow
21:58 Loom
22:49 Wheelbarrow
22:29 Town Watch
32:26 Gold Mining
32:28 Stone Mining
32:59 Pikeman
34:26 Stone Shaft Mining
34:08 Hand Cart
AxingQuestions
10:51 Feudal Age
14:34 Castle Age
12:53 Double-Bit Axe
13:05 Horse Collar
15:47 Bow Saw
15:39 Heavy Plow
18:35 Loom
20:45 Gold Mining
22:31 Gold Shaft Mining
27:13 Imperial Age
24:30 Town Watch
25:19 Town Patrol
25:23 Fletching
25:35 Padded Archer Armor
26:02 Ballistics
25:41 Crossbowman
26:23 Bodkin Arrow
27:12 Leather Archer Armor
27:35 Fortified Wall
29:00 Chemistry
28:17 Bracer
29:21 Two-Man Saw
28:56 Crop Rotation
28:00 Arbalester
29:44 Ring Archer Armor
30:00 Stone Mining
32:41 Treadmill Crane
33:05 Capped Ram
34:39 Siege Ram
Kierkegaard
9:24 Feudal Age
11:15 Wheelbarrow
13:31 Fletching
15:13 Padded Archer Armor
19:56 Loom
22:31 Castle Age
20:49 Double-Bit Axe
20:55 Horse Collar
22:39 Crossbowman
23:26 Thumb Ring
24:13 Bodkin Arrow
25:31 Ballistics
25:53 Leather Archer Armor
26:08 Masonry
aariva83
7:15 Loom
9:43 Feudal Age
10:13 Double-Bit Axe
15:38 Horse Collar
20:45 Wheelbarrow
20:02 Town Watch
25:42 Castle Age
26:21 Forging
26:42 Bloodlines
25:54 Light Cavalry
26:58 Heavy Plow
27:10 Bow Saw
29:15 Scale Barding Armor
29:12 Gold Mining
30:52 Iron Casting
33:07 Chain Barding Armor
33:36 Coinage
Goz
10:33 Feudal Age
14:52 Castle Age
14:11 Double-Bit Axe
23:33 Forging
24:46 Scale Barding Armor
27:16 Iron Casting
27:46 Gold Mining
27:49 Stone Mining
28:11 Bow Saw
28:41 Chain Barding Armor
30:17 Wheelbarrow
29:58 Husbandry
33:43 Imperial Age
30:59 Loom
34:01 Hand Cart
33:32 Town Watch
33:52 Cavalier
34:39 Chivalry
35:34 Conscription
35:18 Paladin
Connection lost

Rejoining the realm…

Still unreachable

The connection could not be restored.

Session expired

The server has moved on; the page needs a fresh start.